 Dungeon Crawl Stone Soup version 0.32-a0-685-g93135e86f0 (webtiles) character file.

Game seed: 16885571919356534899

107 ytrimaz the Chopper (level 4, 0/37 HPs)
             Began as a Coglin Gladiator on Mar 12, 2024.
             Slain by Ijyb
             ... wielding a +0 club
              (3 damage)
             ... on level 3 of the Dungeon.
             The game lasted 00:01:34 (2134 turns).

ytrimaz the Chopper (Coglin Gladiator)              Turns: 2134, Time: 00:01:35

Health: 0/37       AC:  4    Str: 17    XL:     4   Next: 85%
Magic:  4/4        EV: 12    Int:  7    God:
Gold:   106        SH:  0    Dex: 15    Spells: 3/3 levels left

rFire   . . .        a - +0 war axe {Pete}
rCold   . . .        n - +0 flail {Gerda}
rNeg    . . .        b - +0 leather armour
rPois   .            c - +0 helmet
rElec   .            (no cloak)
rCorr   .            (no gloves)
SInv    .            (no boots)
Will    .....        (amulet unavailable)
Stlth   +            (ring unavailable)
HPRegen 0.26/turn    (ring unavailable)
MPRegen 0.09/turn    (no gizmo)

%: no passive effects
@: attractive, revved
A: off-hand wielding, slow wielding, warmup strikes, no jewellery
a: Invent Gizmo


You were on level 3 of the Dungeon.
You visited 1 branch of the dungeon, and saw 3 of its levels.

You collected 106 gold pieces.


Innate Abilities, Weirdness & Mutations

You can wield a second weapon in your off-hand.
It takes a long time for you to wield or remove held weapons.
Your first few attacks do less damage.
You cannot equip rings or amulets.


   Skills:
 + Level 3.7 Fighting
 + Level 4.3 Axes
 - Level 1.7 Throwing
 - Level 2.6 Dodging


You had 3 spell levels left.
You didn't know any spells.
Your spell library was empty.

Inventory:

Hand Weapons
 a - a +0 war axe (weapon) {Pete}
 f - a +0 dagger {Hwan}
 l - a +0 mace {Cรขndido}
   (You found it on level 2 of the Dungeon)
 n - a +0 flail (offhand) {Gerda}
   (You took it off a gnoll on level 2 of the Dungeon)
Missiles
 d - 4 throwing nets (quivered)
 e - a javelin
Armour
 b - a +0 leather armour (worn)
 c - a +0 helmet (worn)
Scrolls
 g - a scroll of immolation {unknown}
 i - a scroll of amnesia
Potions
 h - a potion of degeneration {unknown}
 j - a potion of attraction
 k - a potion of haste {unknown}
 m - a potion of enlightenment

Dungeon Overview and Level Annotations

Branches:
Dungeon (3/15) Zot: 15846

Altars:

Annotations:
D:2 1 runed translucent door, Crazy Yiuf
D:3 Ijyb

## #....#
#.#..##
#"##..### ..
#....# #
##.#.##
#....###
####...######
##.......#
#..@g##...#
####{# . #g#
#o. #...
..... #.....
..#....
....(...


You could see Ijyb, an orc and a hobgoblin.


Message History

You now have 106 gold pieces (gained 8).
Ijyb the Inquisitive comes into view.
She is wielding a +0 club and carrying a wand of flame.
Ijyb shouts!
You hear a shout! x2
Ijyb zaps a wand.
The puff of flame hits you! ๐Ÿ˜• HP[-8]
You take 8 damage, and now have 29/37 hp.
MASSIVE DAMAGE!! (PAUSE)
You start resting.
Ijyb is nearby!
Unknown command. ๐Ÿ˜• HP[+1]
A goblin comes into view. It is wielding a +0 club.
Ijyb screams, "Time for continue experiment!"
Ijyb barely misses you.
An orc wizard comes into view. It is wielding a +0 dagger.
You barely miss Ijyb with your +0 war axe.
You closely miss Ijyb with your +0 flail.
Ijyb hits you with a +0 club.
Ijyb hits you but does no damage. ๐Ÿ˜ฎ HP[-3]
You take 3 damage, and now have 27/37 hp.
You closely miss Ijyb with your +0 war axe.
You barely miss Ijyb with your +0 flail.
The goblin shouts!
You hear a shout! x2
Ijyb misses you.
You are too injured to fight recklessly!
Unknown command.
You hit Ijyb but do no damage.
You barely miss Ijyb with your +0 flail.
Ijyb closely misses you.
The goblin misses you. ๐Ÿ˜• HP[+1] Unknown command.
Unknown command.
You hit Ijyb with your +0 war axe.
You slash the goblin with your +0 war axe!
You kill the goblin!
You hit Ijyb with your +0 flail. Ijyb hits you with a +0 club.
An orc comes into view. It is wielding a +0 flail.
A hobgoblin comes into view. ๐Ÿ˜ฎ HP[-5]
You take 5 damage, and now have 23/37 hp.
You hit Ijyb but do no damage. x2
You hit the orc wizard but do no damage.
Ijyb zaps a wand.
The puff of flame hits you!
* * * LOW HITPOINT WARNING * * *
The orc wizard casts a spell at you.
You are confused.
The orc wizard points at you and mumbles some strange words.
You resist with some effort. Ijyb barely misses you. ๐Ÿ˜จ HP[-9]
You take 9 damage, and now have 14/37 hp.
MASSIVE DAMAGE!! (PAUSE) It was a potion of attraction.
You feel attractive to monsters. Ijyb closely misses you.
The orc wizard barely misses you. The orc is attracted toward you.
Unknown command.
You're too confused to move!
The orc wizard misses you.
Ijyb hits you but does no damage. ๐Ÿ˜จ HP[+1]
You bump into the rock wall.
The orc wizard barely misses you. Ijyb hits you with a +0 club.
* * * LOW HITPOINT WARNING * * *
๐Ÿ˜จ HP[-1]
You take 1 damage, and now have 14/37 hp.
Ijyb zaps a wand.
The puff of flame misses you.
The orc wizard mumbles some strange words.
The orc wizard flickers and vanishes!
Deactivating autopickup; reactivate with Ctrl-A.
Something is attracted toward you. The hobgoblin is attracted toward you.
You completely miss something with your +0 war axe.
You hit Ijyb with your +0 war axe.
You barely miss something with your +0 flail.
Ijyb screams, "They call me mad!"
Ijyb hits you with a +0 club.
* * * LOW HITPOINT WARNING * * *
You hear some strange, mumbled words.
A puff of flame appears from out of thin air!
The puff of flame hits you.
* * * LOW HITPOINT WARNING * * *
๐Ÿ˜ฑ HP[-8]
You take 8 damage, and now have 6/37 hp.
MASSIVE DAMAGE!! (PAUSE)
You completely miss Ijyb with your +0 flail.
You hit Ijyb but do no damage.
You barely miss something with your +0 war axe.
You feel less confused.
Ijyb zaps a wand.
The puff of flame misses you. Something hits you.
* * * LOW HITPOINT WARNING * * *
You barely miss Ijyb with your +0 war axe.
You miss something with your +0 war axe.
You closely miss Ijyb with your +0 flail.
Something hits you.
* * * LOW HITPOINT WARNING * * *
Ijyb hits you with a +0 club.
You die...
Ijyb screams, "Time for next experiment!"

Skill      XL: |  1  2  3 |
---------------+----------+-----
Fighting       | 3 |  3.7
Axes           | 4 |  4.3
Throwing       | |  1.7
Dodging        | |  2.6

Action                     |  1- 3 |  4- 6 || total
---------------------------+-------+-------++-------
  Melee: War axe           |    69 |    15 ||    84
         Dagger            |    51 |       ||    51
         Mace              |     3 |     5 ||     8
         Flail             |       |    12 ||    12
    Use: Scroll            |     7 |       ||     7
         Potion            |       |     1 ||     1
   Stab: Sleeping          |     1 |       ||     1
 Armour: Leather armour    |    38 |    25 ||    63
  Dodge: Dodged            |    43 |    19 ||    62

Levels and vault maps discovered:
D:1:      psy_arrival_statuary, layout_loops_ring, minmay_misc_feat_roman,
          st_stairs_9, minmay_vboxes
D:2:      layout_basic, minmay_quadrilaterals, uniq_crazy_yiuf_cottage
D:3:      minmay_evil_eye, layout_rooms, uniq_ijyb, uniq_grinder

Notes
Turn   | Place    | Note
-------+----------+-------------------------------------------
     0 | D:1      | ytrimaz the Coglin Gladiator began the quest for the Orb.
     0 | D:1      | Reached XP level 1. HP: 16/16 MP: 1/1
     0 | D:1      | magus.rc [v1.9.6]
   131 | D:1      | Reached XP level 2. HP: 21/23 MP: 2/2
   327 | D:1      | Reached XP level 3. HP: 21/28 MP: 3/3
   872 | D:2      | Reached skill level 3 in Fighting
  1439 | D:2      | Found a runed translucent door.
  1440 | D:2      | Noticed Crazy Yiuf
  1863 | D:2      | Reached skill level 4 in Axes
  1863 | D:2      | Reached XP level 4. HP: 24/35 MP: 4/4
  2116 | D:3      | Noticed Ijyb
  2132 | D:3      | HP: 6/37 [something/puff of flame (5)]
  2134 | D:3      | Slain by Ijyb

Vanquished Creatures
  2 adders (D:2)
  4 gnolls
  3 dart slugs
  A ball python (D:1)
  8 endoplasms
  A giant cockroach (D:1)
  4 goblins
  3 hobgoblins (D:1)
  4 kobolds
  A quokka (D:1)
  8 bats
  2 frilled lizards (D:1)
  2 rats
43 creatures vanquished.

Table legend:
 A = Non-vault XP
 B = Vault XP
 C = Vault XP percentage of total XP
 D = Non-vault monster count
 E = Vault monster count
 F = Vault count percentage of total count
                 A         B        C        D         E       F
            +---------+---------+-------+---------+---------+-------
      Total |     111 |      42 |  27.5 |      27 |      16 |  37.2
            +---------+---------+-------+---------+---------+-------
        D:1 |      30 |      20 |  40.0 |      15 |      11 |  42.3
        D:2 |      49 |      22 |  31.0 |       8 |       5 |  38.5
        D:3 |      32 |       0 |   0.0 |       4 |       0 |   0.0
            +---------+---------+-------+---------+---------+-------

Skill      XL: |  1  2  3 |
---------------+----------+-----
Fighting       | 3 |  3.7
Axes           | 4 |  4.3
Throwing       | |  1.7
Dodging        | |  2.6

Action                     |  1- 3 |  4- 6 || total
---------------------------+-------+-------++-------
  Melee: War axe           |    69 |    15 ||    84
         Dagger            |    51 |       ||    51
         Mace              |     3 |     5 ||     8
         Flail             |       |    12 ||    12
    Use: Scroll            |     7 |       ||     7
         Potion            |       |     1 ||     1
   Stab: Sleeping          |     1 |       ||     1
 Armour: Leather armour    |    38 |    25 ||    63
  Dodge: Dodged            |    43 |    19 ||    62

Illustrated notes

Table legend:
 A = Kills in this place as a percentage of kills in the entire game.
 B = Kills by you in this place as a percentage of kills by you in the entire game.
 C = Kills by friends in this place as a percentage of kills by friends in the entire game.
 D = Other kills in this place as a percentage of other kills in the entire game.
 E = Experience gained in this place as a percentage of experience gained in the entire game.
 F = Experience gained in this place divided by the number of levels of this place that you have seen.
                   A       B       C       D       E      F
               +-------+-------+-------+-------+-------+----------------------
         Total | 100.0 | 100.0 |   N/A |   N/A | 100.0 |  51.0
       Dungeon | 100.0 | 100.0 |   N/A |   N/A | 100.0 |  51.0
               +-------+-------+-------+-------+-------+----------------------

Table legend: (Time is in decaauts)
 A = Elapsed time spent in this place.
 B = Non-inter-level travel time spent in this place.
 C = Inter-level travel time spent in this place.
 D = Time resting spent in this place.
 E = Time spent auto-exploring this place.
 F = Levels seen in this place.
 G = Mean time per level.
                   A        B        C        D        E       F      G
               +--------+--------+--------+--------+--------+-----+--------+
         Total |   2152 |   2036 |    116 |    104 |   1631 |   3 |  717.3 |
       Dungeon |   2152 |   2036 |    116 |    104 |   1631 |   3 |  717.3 |
               +--------+--------+--------+--------+--------+-----+--------+

Top non-repeatable levels by time:
     D:2: 1210 daAuts
     D:1: 781 daAuts
     D:3: 160 daAuts
